 Dungeon Crawl Stone Soup version 0.14.0-12-g87ee3b7 (webtiles) character file.

6387 Sabsy the Carver (level 10, -2/59 HPs)
             Began as a Gargoyle Chaos Knight on Apr 15, 2014.
             Was a Plaything of Xom.
             Killed from afar by a guardian serpent (12 damage)
             ... with a bolt of poison
             ... on Level 10 of the Dungeon.
             The game lasted 00:49:12 (10383 turns).

Sabsy the Carver (Gargoyle Chaos Knight)           Turns: 10383, Time: 00:49:12

HP  -2/59        AC 20     Str 19      XL: 10   Next: 83%
MP  10/10        EV  9     Int 14      God: Xom
Gold 451         SH  0     Dex  9      Spells:  0 memorised,  9 levels left

rFire  . . .     SeeInvis .     j - +7,+9 long sword of Analysis {drain, rN+}
rCold  + . .     Clarity  +     P - +1 scale mail {rPois}
rNeg   + + .     Conserve .     (no shield)
rPois  +         rCorr    .     (no helmet)
rElec  +         rRot     +     (no cloak)
SustAb . .       Spirit   .     m - +0 pair of gloves
rMut   .         Warding  .     h - +2 pair of boots
Saprov . . .     Stasis   .     o - amulet of clarity
MR     .....                    N - ring of flight
                                q - ring "Ubbokut" {Wiz rC+ Int+3}

@: slowed, very slow, not resistant to hostile enchantments, extremely
unstealthy
A: dopey 1, life protection 1, electricity resistance, unbreathing,
petrification resistance, AC +7
a: Renounce Religion, Evoke Flight


You were on level 10 of the Dungeon.
You worshipped Xom.
You were a toy of Xom.
You were not hungry.

You visited 2 branches of the dungeon, and saw 11 of its levels.

You collected 451 gold pieces.

Inventory:

Hand weapons
 j - the +7,+9 long sword of Analysis (weapon) {drain, rN+}
   (You found it on level 7 of the Dungeon)

   A truly terrible weapon, it drains the life of those it strikes.
   It protects you from negative energy.
 J - a +0,+2 great sword of protection
Missiles
 f - 11 curare-tipped needles
Armour
 h - a +2 pair of boots (worn)
 i - a +3 leather armour
 m - a +0 pair of gloves (worn)
 P - a +1 scale mail of poison resistance (worn)
Magical devices
 d - a wand of enslavement (0)
 e - a wand of random effects (0)
 r - a wand of cold (2)
 v - a wand of enslavement (0)
 x - a wand of magic darts (6)
 D - a wand of paralysis (3)
 L - a wand of magic darts (3)
Comestibles
 c - 3 bread rations
 g - 6 apples
 A - 9 sultanas
 C - 2 meat rations
 H - 10 snozzcumbers
Scrolls
 a - a scroll of amnesia
 k - 2 scrolls of fog
 p - 5 scrolls of identify
 y - a scroll of teleportation
 z - 5 scrolls of remove curse
 F - a scroll of recharging
 O - a scroll of enchant armour
 Q - a scroll of fear
Jewellery
 n - an uncursed amulet of warding
 o - an amulet of clarity (around neck)
 q - the ring "Ubbokut" (left hand) {Wiz rC+ Int+3}
   (You found it on level 5 of the Dungeon)

   [ring of wizardry]

   It affects your intelligence (+3).
   It protects you from cold.
 B - an uncursed amulet of stasis
 N - a ring of flight (right hand)
Potions
 b - 2 potions of might {unknown}
 l - 2 potions of poison {unknown}
 s - a potion of degeneration {unknown}
 t - 5 potions of curing
 u - a potion of confusion {unknown}
 w - 3 potions of agility
 E - a potion of paralysis {unknown}
 G - a potion of haste
 I - 2 potions of invisibility
 K - a potion of heal wounds
 M - a potion of strong poison {unknown}


   Skills:
 - Level 5.0 Fighting
 + Level 10.0 Long Blades
 - Level 6.0 Armour
 + Level 8.7 Dodging


You had 9 spell levels left.
You didn't know any spells.

Dungeon Overview and Level Annotations

Branches:
Dungeon (10/15)            Temple (1/1) D:5
    Orc: D:9-12        Lair: D:8-11

Altars:
Ashenzari
Cheibriados
Dithmenos
Elyvilon
Fedhas
Kikubaaqudgha
Makhleb
Nemelex Xobeh
Okawaru
Sif Muna
Trog
Vehumet
Xom
Yredelemnul
Zin
The Shining One

Shops:
D:9 [   D:10 *

Annotations:
D:6 Elizilla's ghost, average TrMo


Innate Abilities, Weirdness & Mutations

You are resistant to torment.
You are immune to poison.
You are immune to rotting.
Your stone body is very resilient (AC +7).
You resist negative energy.
You are resistant to electric shocks.
You can survive without breathing.
You are immune to petrification.
You are dopey. (Int -2)


Message History

The bolt of poison hits you! You resist. Something hits you!
You slash something!
You hear some strange, mumbled words.
The bolt of poison hits you! You resist. Something hits you but does no damage.
You hit something. Something hits you.
You barely miss something. Something hits you but does no damage.
You hit something. Something hits you! Something hits you but does no damage.
You miss something.
You hear some strange, mumbled words.
You feel yourself slow down.
You barely miss something. Something hits you!
* * * LOW HITPOINT WARNING * * *
Something hits you but does no damage.
You miss something. Something hits you but does no damage.
Something hits you but does no damage.
You miss something.
You hear some strange, mumbled words.
The bolt of poison hits you! You resist.
You die...

#.##### #.# #.#
####'##### #.#
#.........
####.####.........
#......##.........
#.####.##.......<.
#.+ #.##.........
#.# #.##...%.....
#@####.##.........
#......##.........
##......+.........
########.........
#.........
......... ....


There were no monsters in sight!

Vanquished Creatures
  An unseen horror (D:10)
  Urug (D:10)
  A hill giant (D:10)
  A two-headed ogre (D:9)
  A yak (D:10)
  A hill giant zombie (D:9)
  2 trolls (D:10)
  2 hungry ghosts
  2 phantoms
  A black bear (D:10)
  2 ice beasts (D:5)
  3 centaurs
  A sky beast (D:7)
  2 orc warriors
  2 crocodiles
  A big kobold (D:9)
  4 ogres
  A gnoll sergeant (D:9)
  A water moccasin (D:10)
  A hippogriff zombie (D:10)
  An eye of draining (D:10)
  6 killer bees (D:8)
  3 scorpions
  6 wights (D:7)
  A quasit (D:9)
  A crimson imp (D:7)
  A black bear zombie (D:5)
  A giant frog zombie (D:10)
  7 orc priests
  3 hounds
  A jelly (D:10)
  A goliath beetle (D:10)
  6 orc wizards
  Natasha (thrice) (D:3)
  4 worker ants
  2 iguanas
  A mottled dragon zombie (D:8)
  An ogre skeleton (D:6)
  A hound skeleton (D:4)
  9 gnolls
  11 adders
  4 green rats (D:10)
  A scorpion zombie (D:9)
  A shadow imp (D:7)
  3 giant mites
  An inept item mimic (D:6)
  5 worms
  An orc skeleton (D:10)
  2 giant eyeballs
  23 orcs
  28 bats
  4 giant cockroaches
  20 hobgoblins
  25 kobolds
  4 quokkas
  4 ball pythons
  4 giant geckos
  5 giant newts
  A gnoll skeleton (D:6)
  11 goblins
  7 jackals
  21 rats
  A rat skeleton (D:4)
  A spectral orc (D:9)
  11 ballistomycetes
  A plant (D:10)
290 creatures vanquished.

Vanquished Creatures (collateral kills)
  A troll (D:9)
  2 yaks (D:10)
  A giant frog (D:6)
  A gnoll sergeant (D:6)
  A hound (D:6)
  3 gnolls
  3 orcs
  2 bats (D:10)
  A giant newt (D:2)
  A rat (D:10)
  2 plants (D:10)
18 creatures vanquished.

Vanquished Creatures (others)
  3 quasits
  An iron imp (D:9)
  A crimson imp (D:9)
  An orc priest (D:3)
  A shadow imp (D:9)
  A white imp (D:9)
  2 ufetubi
  An orc (D:4)
  A hobgoblin (D:9)
  2 giant spores
  A butterfly (D:4)
  2 fungi (D:10)
17 creatures vanquished.

Grand Total: 325 creatures vanquished

Notes
Turn   | Place    | Note
--------------------------------------------------------------
     0 | D:1      | Sabsy, the Gargoyle Chaos Knight, began the quest for the Orb.
     0 | D:1      | Reached XP level 1. HP: 14/14 MP: 1/1
    46 | D:1      | XOM: silly message
    47 | D:1      | Reached skill level 1 in Dodging
    56 | D:1      | Reached XP level 2. HP: 14/19 MP: 2/2
   146 | D:1      | XOM: silly message
   384 | D:1      | Reached XP level 3. HP: 19/23 MP: 3/3
   833 | D:2      | Reached XP level 4. HP: 20/29 MP: 4/4
  1421 | D:2      | Reached skill level 4 in Fighting
  1834 | D:3      | Reached XP level 5. HP: 19/33 MP: 5/5
  2037 | D:3      | Noticed Natasha
  2051 | D:3      | Killed Natasha
  2218 | D:3      | Noticed Natasha
  2227 | D:3      | Killed Natasha
  2429 | D:3      | XOM: harmless Chrm miscast
  2443 | D:3      | HP: 1/34 [orc priest/nerve-wracking pain (4)]
  2454 | D:3      | Reached XP level 6. HP: 27/39 MP: 6/6
  2539 | D:3      | Noticed Natasha
  2542 | D:3      | Killed Natasha
  2689 | D:4      | XOM: silly message
  2844 | D:4      | XOM: colour smoke trail
  3109 | D:4      | XOM: harmless Hex miscast
  3122 | D:4      | XOM: noise
  3756 | D:4      | XOM: harmless Tloc miscast
  3904 | D:4      | XOM: enchant monster (bad)
  3918 | D:4      | XOM: enchant monster (bad)
  3919 | D:4      | Reached skill level 5 in Fighting
  3919 | D:4      | Reached XP level 7. HP: 17/44 MP: 7/7
  4027 | D:4      | XOM: cast spell 'Summon Butterflies'
  4171 | D:4      | XOM: colour smoke trail
  4424 | D:5      | Entered Level 5 of the Dungeon
  4424 | D:5      | Found a staircase to the Ecumenical Temple.
  4432 | Temple   | Entered the Ecumenical Temple
  4568 | D:5      | XOM: mild Chrm miscast
  4671 | D:5      | Got a warped lead ring
  4673 | D:5      | Identified the ring "Ubbokut" {Wiz rC+ Int+3} (You found it on level 5 of the Dungeon)
  4850 | D:5      | Reached skill level 5 in Armour
  4938 | D:5      | XOM: give mutation
  4938 | D:5      | Gained mutation: You are dopey. (Int -2) [Xom's mischief]
  4943 | D:5      | XOM: harmless Ice miscast
  4957 | D:5      | Reached skill level 5 in Long Blades
  4997 | D:5      | Paralysed by a giant eyeball for 3 turns
  5004 | D:5      | Reached XP level 8. HP: 27/49 MP: 8/8
  5015 | D:5      | XOM: noise
  5100 | D:5      | XOM: confuse monster(s)
  5613 | D:6      | XOM: cast spell 'Summon Ice Beast'
  5680 | D:6      | XOM: confuse monster(s)
  5694 | D:6      | Reached skill level 6 in Armour
  5788 | D:6      | XOM: divination: detect creatures
  5859 | D:6      | Noticed Elizilla's ghost (average TrMo)
  5864 | D:6      | XOM: confuse monster(s)
  5995 | D:6      | XOM: swap monsters
  6110 | D:6      | XOM: god gift: scroll labeled ZAPHEN DASUMO
  6192 | D:6      | XOM: inner flame monster(s)
  6304 | D:6      | XOM: colour smoke trail
  6398 | D:6      | XOM: colour smoke trail
  6505 | D:6      | XOM: inner flame monster(s)
  6506 | D:6      | XOM: vitrification
  6641 | D:6      | XOM: confuse monster(s)
  6643 | D:6      | XOM: silly message
  6664 | D:7      | XOM: mild Necr miscast
  6869 | D:7      | Reached skill level 5 in Dodging
  6919 | D:7      | XOM: mild Ice miscast
  6930 | D:7      | Reached XP level 9. HP: 39/54 MP: 9/9
  7037 | D:7      | XOM: 1-stop teleportation journey
  7250 | D:7      | Got an iridescent long sword
  7251 | D:7      | Identified the +7,+9 long sword of Analysis {drain, rN+} (You found it on level 7 of the Dungeon)
  7271 | D:7      | Reached skill level 7 in Long Blades
  7439 | D:8      | XOM: god gift: 48 gold pieces
  7558 | D:8      | XOM: summons 4 friendly demons
  7660 | D:8      | XOM: god gift: thick jewelled staff {god gift}
  8026 | D:8      | Reached skill level 8 in Long Blades
  8540 | D:9      | Identified the Handbook of Beguiling and Snow
  8609 | D:9      | XOM: divination: detect creatures
  8691 | D:9      | Found a burning altar of Makhleb.
  8852 | D:9      | Reached XP level 10. HP: 59/59 MP: 10/10
  8864 | D:9      | Found a basalt altar of Yredelemnul.
  8959 | D:9      | Found a shimmering altar of Xom.
  8962 | D:9      | Found a radiant altar of Vehumet.
  8967 | D:9      | Found a glowing golden altar of the Shining One.
  9149 | D:9      | XOM: summons 9 friendly demons
  9238 | D:9      | Found Pnay's Antique Armour Shoppe.
  9307 | D:10     | Entered Level 10 of the Dungeon
  9307 | D:10     | Noticed a hill giant
  9401 | D:9      | XOM: cast spell 'Dragon Form'
  9409 | D:10     | XOM: divination: detect items
  9428 | D:10     | XOM: 4-stop teleportation journey
  9429 | D:10     | Found Syidd's General Store.
  9558 | D:10     | XOM: harmless Chrm miscast
  9651 | D:10     | XOM: inner flame monster(s)
  9660 | D:10     | a hill giant (ally) was killed
  9660 | D:10     | Reached skill level 9 in Long Blades
  9663 | D:10     | XOM: noise
  9668 | D:10     | XOM: summons friendly quasit
 10101 | D:10     | Noticed Urug
 10120 | D:10     | Killed Urug
 10304 | D:10     | Killed an unseen horror
 10304 | D:10     | Reached skill level 10 in Long Blades
 10306 | D:10     | XOM: enchant monster (bad)
 10374 | D:10     | Noticed a guardian serpent
 10374 | D:10     | XOM: enchant monster (bad)
 10383 | D:10     | Killed from afar by a guardian serpent

Action                   |  1- 3 |  4- 6 |  7- 9 | 10-12 || total
-------------------------+-------+-------+-------+-------++-------
Melee: Falchion          |   117 |   375 |   414 |       ||   906
       Long sword        |       |       |   182 |   175 ||   357
       Unarmed           |       |       |       |     2 ||     2
 Abil: Breathe Fire      |       |       |       |     2 ||     2
Evoke: Wand              |       |     6 |    23 |     9 ||    38
  Use: Scroll            |     6 |     5 |     8 |       ||    19
       Potion            |       |     6 |     1 |     2 ||     9
 Stab: Paralysed         |     1 |     1 |    20 |       ||    22
       Confused          |       |       |     2 |       ||     2
       Petrified         |       |       |     2 |       ||     2
